 Dungeon Crawl Stone Soup version 0.29-a0-359-g541a27f54d (webtiles) character file.

Game seed: 11818893461420953427

101 purpskrrrp the Ruffian (level 4, -8/45 HPs)
             Began as a Troll Berserker on Apr 27, 2022.
             Was a Believer of Trog.
             Mangled by a gnoll
             ... wielding a +0 spear
              (11 damage)
             ... on level 2 of the Dungeon.
             The game lasted 00:15:09 (1738 turns).

purpskrrrp the Ruffian (Troll Berserker)            Turns: 1738, Time: 00:15:10

Health: -8/45      AC:  4    Str: 25      XL:     4   Next: 48%
Magic:  3/3        EV: 10    Int:  1 (3)  God:    Trog [**....]
Gold:   71         SH:  0    Dex: 11      Spells: 3/3 levels left

rFire   . . .      SeeInvis .     - Unarmed
rCold   . . .      Faith    .   m - orb {mayhem}
rNeg    . . .      Spirit   .   a - +0 animal skin
rPois   .          Reflect  .   (helmet restricted)
rElec   .          Harm     .   (no cloak)
rCorr   .          Rampage  .   (gloves unavailable)
Will    .....                   (boots unavailable)
Stlth   +.........              (no amulet)
HPRegen 0.95/turn               (no ring)
MPRegen 0.08/turn               (no ring)

@: slowed, lost intelligence, unable to read, very slow
A: large, unfitting armour, claws 3, regeneration 1, shaggy fur 1, tough skin 1
a: Renounce Religion, Berserk, Trog's Hand


You were on level 2 of the Dungeon.
You worshipped Trog.
Trog was pleased with you.
You visited 1 branch of the dungeon, and saw 2 of its levels.

You collected 71 gold pieces.

Inventory:

Hand Weapons
 b - a +0 short sword
 d - a +0 dagger
 e - a +0 dagger
 g - a +0 dagger
 h - a +0 falchion
 i - a +0 hand axe
Missiles
 c - 27 stones (quivered)
Armour
 a - a +0 animal skin (worn)
 j - a +0 robe
 l - a +0 ring mail
 m - an orb of mayhem (worn)
 o - a +0 pair of boots
 p - a +0 ring mail
 q - a +0 scale mail
Scrolls
 f - 3 scrolls of teleportation
Potions
 k - 2 potions of degeneration
 n - a potion of heal wounds {unknown}


   Skills:
 + Level 3.0 Fighting
 + Level 3.0 Dodging
 + Level 4.3 Unarmed Combat


You had 3 spell levels left.
You didn't know any spells.
Your spell library contained the following spells:

 Spells                   Type           Power      Damage    Failure   Level
 Dazzling Flash           Conj/Hex       0%         N/A       91%         3
 Agony                    Necr           0%         N/A       100%        5
 Silence                  Hex/Air        0%         N/A       100%        5


Dungeon Overview and Level Annotations

Branches:
Dungeon (2/15)

Altars:


Innate Abilities, Weirdness & Mutations

You are too large for most types of armour.
You have claws for hands.
Your natural rate of healing is unusually fast.
You are covered in fur. (AC +1)
You have tough skin. (AC +1)


Message History

The gnoll misses you.
The gnoll barely misses the gnoll.
You feel your dexterity returning.
You closely miss the gnoll.
The gnoll hits the gnoll but does no damage.
The gnoll hits the gnoll with a +0 spear!
The gnoll dies!
Trog accepts your kill. The gnoll hits you with a +0 flail.
You claw the gnoll!
You kill the gnoll!
Trog accepts your kill. The gnoll closely misses you.
The gnoll hits the rat with a +0 spear.
You feel your intelligence returning.
Your Dodging skill increases to level 3!
Unknown command.
The gnoll hits the rat with a +0 spear!
The rat dies!
Trog accepts your kill. The gnoll barely misses you.
The gnoll hits you from afar with a +0 spear.
The gnoll barely misses you.
The gnoll hits you from afar with a +0 spear.
The gnoll hits you from afar with a +0 spear.
The gnoll closely misses you. The gnoll hits you with a +0 spear!
The gnoll hits you with a +0 spear.
Things that are here:
a +0 flail; a +0 club; a gnoll corpse You scratch the gnoll.
The gnoll is moderately wounded.
The gnoll completely misses you. The gnoll hits you with a +0 spear!
* * * LOW HITPOINT WARNING * * *
The gnoll attacks as you move away! The gnoll barely misses you.
The gnoll closely misses you. The gnoll barely misses you.
You hear a shout!
The gnoll hits you from afar with a +0 spear!
* * * LOW HITPOINT WARNING * * *
The gnoll hits you from afar with a +0 spear.
* * * LOW HITPOINT WARNING * * *
The gnoll hits you from afar with a +0 spear!
You die...

### ..# ..######## .........#
###### ..######.# #))g.#
..######.#..†.##.#
.......#)#######@#
..####.#....†....# .##
#.########### .#####.# #####
.#.....# ###### #....
.#.##########....############.###
>................................
.#.##########....############.###
.........................÷.......


You could see a neutral gnoll (fast, strong, insane).

Vanquished Creatures
  2 gnolls (D:2)
  3 adders (D:2)
  3 dart slugs
  3 ball pythons
  4 endoplasms
  2 giant cockroaches (D:1)
  4 goblins
  5 hobgoblins
  2 quokkas (D:1)
  2 bats (D:1)
  2 frilled lizards (D:1)
  4 kobolds
  2 rats
38 creatures vanquished.

Vanquished Creatures (collateral kills)
  A gnoll (D:2)
  A rat (D:2)
2 creatures vanquished.

Vanquished Creatures (others)
  A rat (D:2)
  A fungus (D:1)
  3 plants (D:1)
5 creatures vanquished.

Grand Total: 45 creatures vanquished

Notes
Turn   | Place    | Note
-------+----------+-------------------------------------------
     0 | D:1      | purpskrrrp the Troll Berserker began the quest for the Orb.
     0 | D:1      | Reached XP level 1. HP: 22/22 MP: 0/0
    30 | D:1      | Found a faded altar of an unknown god.
   136 | D:1      | Reached XP level 2. HP: 29/29 MP: 1/1
   518 | D:1      | Lost intelligence.
   990 | D:1      | Reached XP level 3. HP: 34/36 MP: 2/2
  1718 | D:2      | Reached skill level 4 in Unarmed Combat
  1718 | D:2      | Reached XP level 4. HP: 45/45 MP: 3/3
  1728 | D:2      | Reached ** piety under Trog
  1737 | D:2      | HP: 2/45 [gnoll/+0 spear (4)]
  1738 | D:2      | Mangled by a gnoll

Illustrated notes

Levels and vault maps discovered:
D:1:      dpeg_arrival_solitude, layout_basic,
          shapermc_ecumenical_altar_acropolis
D:2:      layout_basic

Skill      XL: |  1  2  3  4 |
---------------+-------------+-----
Fighting       | 3 |  3.0
Unarmed Combat | 4 |  4.3
Dodging        | 3 |  3.0

Action                   |  1- 3 |  4- 6 || total
-------------------------+-------+-------++-------
Melee: Unarmed           |    92 |     5 ||    97
       Punch             |     2 |       ||     2
  Use: Scroll            |     2 |       ||     2
       Potion            |     1 |       ||     1
Armor: Animal skin       |    18 |       ||    18
Dodge: Dodged            |    26 |    11 ||    37

Table legend: (Time is in decaauts)
 A = Elapsed time spent in this place.
 B = Non-inter-level travel time spent in this place.
 C = Inter-level travel time spent in this place.
 D = Time resting spent in this place.
 E = Time spent auto-exploring this place.
 F = Levels seen in this place.
 G = Mean time per level.
                   A        B        C        D        E       F      G
               +--------+--------+--------+--------+--------+-----+--------+
         Total |   2345 |   2134 |    211 |      0 |   1395 |   2 | 1172.5 |
       Dungeon |   2345 |   2134 |    211 |      0 |   1395 |   2 | 1172.5 |
               +--------+--------+--------+--------+--------+-----+--------+

Top non-repeatable levels by time:
     D:1: 1330 daAuts
     D:2: 1015 daAuts
